 Dungeon Crawl Stone Soup version 0.30-a0-1075-gcd70e7a56d (webtiles) character file.

Game seed: 15478595645309675094

4104 Darkkill the Skirmisher (level 10, -2/88 HPs)
             Began as a Minotaur Hunter on Apr 14, 2023.
             Was an Initiate of Gozag.
             Slain by a manticore (12 damage)
             ... on level 8 of the Dungeon.
             The game lasted 00:12:46 (6714 turns).

Darkkill the Skirmisher (Minotaur Hunter)           Turns: 6714, Time: 00:12:47

Health: -2/88      AC: 14    Str: 16    XL:     10   Next: 6%
Magic:  0/9        EV: 16    Int:  6    God:    Gozag
Gold:   300        SH:  0    Dex: 18    Spells: 9/9 levels left

rFire   . . .      SeeInvis +    a - +3 shortbow (heavy)
rCold   . . .      Faith    .    (shield currently unavailable)
rNeg    . . .      Spirit   +    c - +0 leather armour
rPois   .          Reflect  .    (helmet restricted)
rElec   .          Rampage  .    A - +2 cloak
rCorr   .                        o - +2 pair of gloves
Will    .....                    r - +0 pair of boots "Cooced" {+Blink}
Stlth   +++                      d - amulet of guardian spirit
HPRegen 0.34/turn                v - ring of see invisible
MPRegen 0.11/turn                x - +4 ring of protection

@: about to teleport, gold aura
A: horns 2, retaliatory headbutt
a: Renounce Religion, Evoke Blink, Potion Petition, Call Merchant, Bribe Branch


You were on level 8 of the Dungeon.
You worshipped Gozag.
Gozag was aware of your devotion.
You visited 2 branches of the dungeon, and saw 9 of its levels.
You also visited: Ossuary.

You collected 1106 gold pieces.
You spent 304 gold pieces at shops.
You paid 502 gold pieces to Gozag.

Inventory:

Hand Weapons
 a - a +3 heavy shortbow (weapon)
 b - a +0 lajatang
Missiles
 f - 83 stones
 h - 15 boomerangs
 p - 3 poisoned darts
 q - 5 throwing nets {=f !f}
Armour
 c - a +0 leather armour (worn)
 o - a +2 pair of gloves (worn)
 r - the +0 pair of boots "Cooced" (worn) {+Blink}
   (You bought it in a shop on level 7 of the Dungeon)

   +Blink:    It lets you blink.
 A - a +2 cloak (worn)
Jewellery
 d - an amulet of guardian spirit (around neck)
 v - a ring of see invisible (left hand)
 x - a +4 ring of protection (right hand)
Wands
 i - a wand of polymorph (2)
Scrolls
 n - 2 scrolls of immolation
Potions
 e - a potion of berserk rage
 g - 3 potions of might
 k - a potion of haste
 l - 3 potions of mutation
 m - 3 potions of ambrosia
 s - 2 potions of invisibility
 t - a potion of cancellation
 w - 2 potions of degeneration
 z - 2 potions of lignification
 B - a potion of resistance


   Skills:
 + Level 8.3 Fighting
 + Level 7.4 Staves
 + Level 8.4 Ranged Weapons
 + Level 7.4 Dodging
 + Level 5.9 Stealth


You had 9 spell levels left.
You didn't know any spells.
Your spell library contained the following spells:

 Spells                   Type           Power      Damage    Failure   Level
 Kiss of Death            Conj/Necr      0%         2d5       52%         1
 Blink                    Tloc           0%         N/A       67%         2
 Lesser Beckoning         Tloc           0%         N/A       67%         2
 Momentum Strike          Conj/Tloc      0%         3d8       67%         2
 Confusing Touch          Hex            0%         N/A       88%         3
 Inner Flame              Hex/Fire       0%         N/A       88%         3
 Dispel Undead            Necr           0%         3d6       99%         4
 Manifold Assault         Tloc           0%         N/A       99%         4
 Yara's Violent Unravell  Hex/Tmut       0%         3d3       100%        5
 Dispersal                Tloc           0%         N/A       100%        6
 Enfeeble                 Hex            0%         N/A       100%        7
 Disjunction              Tloc           0%         N/A       100%        8


Dungeon Overview and Level Annotations

Branches:
Dungeon (8/15)             Temple (1/1) D:4         Ossuary (visited)
   Lair: D:8-11

Altars:
Ashenzari
Cheibriados
Dithmenos
Elyvilon
Fedhas
Gozag
Hepliaklqana
Kikubaaqudgha
Makhleb
Nemelex Xobeh
Okawaru
Qazlal
Ru
Sif Muna
Trog
Uskayaw
Vehumet
Wu Jian
Xom
Yredelemnul
The Shining One

Shops:
D:1 ?   D:5 [   D:7 [

Annotations:
D:5 1 runed translucent door, Crazy Yiuf


Innate Abilities, Weirdness & Mutations

You have a pair of horns on your head.
You reflexively headbutt those who attack you in melee.


Message History

You feel very sick. The killer bee stings you.
The killer bee stings you but does no damage.
The killer bee completely misses you.
A killer bee is nearby!
A killer bee is nearby!
You shoot an arrow.
The arrow closely misses the killer bee.
You feel sick. The killer bee closely misses you. You furiously retaliate!
You headbutt the killer bee.
You kill the killer bee!
You feel sick.
You feel sick.
A killer bee comes into view.
You shoot an arrow. The arrow barely misses the killer bee.
The killer bee buzzes angrily.
You feel sick.
You shoot an arrow.
The arrow closely misses the killer bee.
You feel sick.
You are no longer poisoned.
The killer bee stings you but does no damage.
A killer bee is nearby!
You shoot an arrow.
The arrow closely misses the killer bee.
A killer bee comes into view.
The killer bee completely misses you. You furiously retaliate!
You headbutt the killer bee. The killer bee barely misses you.
The killer bee misses you.
The killer bee moves out of view.
A killer bee is nearby!
You shoot an arrow. The arrow misses the killer bee.
The killer bee closely misses you. You furiously retaliate!
You headbutt the killer bee. The killer bee misses you.
You furiously retaliate!
You headbutt the killer bee.
A manticore comes into view.
The killer bee stings you but does no damage. x2
There are monsters nearby!
You shoot an arrow.
The arrow closely misses the killer bee.
The killer bee stings you.
The killer bee stings you but does no damage. x2
There are monsters nearby!
You shoot an arrow. The arrow barely misses the killer bee.
The killer bee closely misses you.
The killer bee stings you but does no damage.
The killer bee stings you.
You are poisoned.
The killer bee poisons you! The killer bee closely misses you.
There are monsters nearby!
You are too injured to fight recklessly!
There are monsters nearby!
You are too injured to fight recklessly!
There are monsters nearby!
You are too injured to fight recklessly!
There are monsters nearby!
You are too injured to fight recklessly!
There are monsters nearby!
You are too injured to fight recklessly!
There are monsters nearby!
Fire: a) +3 shortbow (heavy)
Press: ? - help, Q - select action, (/) - cycle Shift-Dir - straight line, f/p - killer bee
Aim: a killer bee (severely wounded, 51% to hit)
You shoot an arrow.
The arrow closely misses the killer bee.
You feel very sick. The killer bee closely misses you.
The killer bee stings you but does no damage.
Fire: a) +3 shortbow (heavy)
Press: ? - help, Q - select action, (/) - cycle Shift-Dir - straight line, f/p - killer bee
Aim: a killer bee (severely wounded, 51% to hit)
You shoot an arrow. The arrow hits the manticore!
The manticore is moderately wounded.
You feel sick. The killer bee closely misses you. The manticore bites you!!
The manticore claws you! The manticore claws you.
Fire: a) +3 shortbow (heavy)
Press: ? - help, Q - select action, (/) - cycle Shift-Dir - straight line, f/p - killer bee
Aim: a killer bee (severely wounded, 51% to hit)
You shoot an arrow. The arrow barely misses the killer bee.
You feel sick. The killer bee barely misses you.
The killer bee closely misses you. You furiously retaliate!
You headbutt the killer bee. The killer bee misses you.
You furiously retaliate!
You headbutt the killer bee.
You kill the killer bee!
The manticore bites you!!
* * * LOW HITPOINT WARNING * * *
The manticore claws you but does no damage.
The manticore barely misses you. The manticore closely misses you.
The manticore claws you.
* * * LOW HITPOINT WARNING * * *
The manticore misses you.
Unknown command.
You feel better. The manticore bites you.
* * * LOW HITPOINT WARNING * * *
The manticore claws you but does no damage.
The manticore claws you.
* * * LOW HITPOINT WARNING * * *
As you read the scroll of teleportation, it crumbles to dust.
You feel strangely unstable. The manticore bites you!
You die...
Your body crumbles into a pile of gold.

#.#..#
#.#..#
#....#
###..#
####.#
#....#
#....#
#.##.#
#.##@#
#.##$H......
#........###
###.######
#. #. #. #.


You could see a manticore.

Vanquished Creatures
  Pikel (D:4)
  Maggie (D:7)
  Sigmund (D:6)
  Eustachio (D:5)
  A basilisk (D:8)
  2 ice beasts
  A sky beast (D:8)
  A black bear (D:5)
  A hornet zombie (D:5)
  3 ogres
  4 centaurs
  3 phantoms
  4 scorpions
  3 wights (D:5)
  4 water moccasin zombies
  2 water moccasin skeletons (D:5)
  3 killer bees (D:8)
  3 bullfrog zombies (D:5)
  2 jellies
  2 gnoll boudas (D:7)
  A hound (D:6)
  2 bullfrog skeletons (D:5)
  3 iguanas
  A sleepcap (D:5)
  2 orc wizards (D:5)
  A scorpion zombie (D:5)
  A hound skeleton (D:5)
  2 hound zombies (D:5)
  2 mummies (Ossuary)
  A howler monkey zombie (D:5)
  5 adders
  12 gnolls
  2 howler monkey skeletons (D:5)
  A white imp (D:7)
  An ufetubus (D:5)
  5 adder zombies (Ossuary)
  2 worms
  A dart slug (D:3)
  10 orcs
  6 ball pythons
  7 endoplasms
  7 giant cockroaches
  5 goblins
  3 hobgoblins
  6 jackals
  2 quokkas (D:4)
  3 bats (D:1)
  3 frilled lizards (D:1)
  3 gnoll zombies (Ossuary)
  5 hobgoblin zombies (Ossuary)
  7 kobolds
  2 kobold zombies (Ossuary)
  3 orc zombies (Ossuary)
  3 rats
163 creatures vanquished.

Vanquished Creatures (others)
  7 plants (D:8)
  3 withered plants (D:5)
10 creatures vanquished.

Grand Total: 173 creatures vanquished

Notes
Turn   | Place    | Note
-------+----------+-------------------------------------------
     0 | D:1      | Darkkill the Minotaur Hunter began the quest for the Orb.
     0 | D:1      | Reached XP level 1. HP: 18/18 MP: 0/0
    63 | D:1      | Reached skill level 1 in Stealth
   101 | D:1      | Reached XP level 2. HP: 25/25 MP: 1/1
   631 | D:1      | Reached XP level 3. HP: 30/31 MP: 2/2
   634 | D:1      | Found Tiprel's Magic Scroll Boutique.
  1523 | D:2      | Reached XP level 4. HP: 38/38 MP: 3/3
  1528 | D:2      | Reached skill level 1 in Staves
  1720 | D:3      | Noticed a scorpion
  1727 | D:3      | Killed a scorpion
  1728 | D:3      | Reached skill level 5 in Ranged Weapons
  1728 | D:3      | Reached XP level 5. HP: 30/46 MP: 2/4
  1929 | D:3      | Found a glowing golden altar of the Shining One.
  2052 | D:3      | Found a snail-covered altar of Cheibriados.
  2064 | D:3      | Found a shadowy altar of Dithmenos.
  2093 | D:3      | Found a shimmering blue altar of Sif Muna.
  2116 | D:3      | Found a sparkling altar of Nemelex Xobeh.
  2368 | D:3      | Found a blossoming altar of Fedhas.
  2620 | D:4      | Found a staircase to the Ecumenical Temple.
  2716 | Temple   | Entered the Ecumenical Temple
  2787 | Temple   | Became a worshipper of Gozag Ym Sagoz the Greedy
  2852 | D:4      | Noticed a lemure
  2852 | D:4      | Noticed a lemure
  2852 | D:4      | Noticed a lemure
  2853 | D:4      | Noticed Pikel
  2960 | D:4      | Noticed a lemure
  2991 | D:4      | Found a sand-covered staircase.
  2997 | Ossuary  | Entered an ossuary
  3117 | Ossuary  | Reached XP level 6. HP: 52/52 MP: 5/5
  3588 | D:4      | Killed Pikel
  3589 | D:4      | Reached skill level 5 in Fighting
  3589 | D:4      | Reached XP level 7. HP: 43/61 MP: 6/6
  3673 | D:4      | Reached skill level 5 in Dodging
  3673 | D:4      | Reached XP level 8. HP: 53/69 MP: 7/7
  4002 | D:5      | Entered Level 5 of the Dungeon
  4038 | D:5      | Found a runed translucent door.
  4039 | D:5      | Noticed Crazy Yiuf
  4067 | D:5      | Noticed Eustachio
  4070 | D:5      | Killed Eustachio
  4087 | D:5      | Reached skill level 5 in Staves
  4090 | D:5      | HP: 14/70 [wight/+5 falchion (4)]
  4429 | D:5      | Reached XP level 9. HP: 78/78 MP: 8/8
  4550 | D:5      | Found Xuhow's Antique Armour Shop.
  4600 | D:5      | Reached skill level 5 in Stealth
  5074 | D:6      | Noticed Sigmund
  5316 | D:6      | Killed Sigmund
  5654 | D:7      | Bought a pair of warped boots for 304 gold pieces
  5654 | D:7      | Identified the +0 pair of boots "Cooced" {+Blink} (You
                  | bought it in a shop on level 7 of the Dungeon)
  5691 | D:7      | Found a broken altar of Ashenzari.
  5709 | D:7      | Noticed Maggie
  5716 | D:7      | Killed Maggie
  6613 | D:8      | Reached XP level 10. HP: 88/88 MP: 9/9
  6707 | D:8      | Noticed a manticore
  6712 | D:8      | HP: 10/88 [manticore (16)]
  6714 | D:8      | Slain by a manticore

Illustrated notes

Levels and vault maps discovered:
D:1:      dpeg_arrival_orchard, layout_loops_ring, serial_shops,
          nicolae_lakefront_shop, minivault_5
D:2:      wander_river, layout_basic, minmay_bisected
D:3:      layout_basic, mainiacjoe_overflow_small_starburst, fedhas_altar_4,
          nicolae_overflow_quartered_altars
D:4:      layout_loops_ring, minmay_temple_entry_statues_fountains,
          enter_ossuary_2, uniq_pikel
D:5:      layout_rooms, serial_undead, serial_undead_d, serial_undead_b,
          serial_undead_a, serial_undead_f, serial_undead_d, serial_undead_b,
          serial_shops, kennysheep_little_box, uniq_crazy_yiuf_cottage,
          uniq_eustachio
D:6:      layout_rooms, uniq_sigmund
D:7:      layout_loops_ring, ashenzari_altar_1, uniq_maggie
D:8:      nzn_winding_woodlands_small [nzn_winding_woodlands_5x15_concentric,
          nzn_winding_woodlands_center_diamonds,
          nzn_winding_woodlands_5x15_garden], layout_loops_corners, zin_academy,
          palyth_stone_intersect
Temple:   nicolae_temple_great_sept

Skill      XL: |  1  2  3  4  5  6  7  8  9 |
---------------+----------------------------+-----
Stealth        | 1 2 3 4 5 |  5.9
Fighting       | 3 4 5 6 8 |  8.3
Dodging        | 3 4 5 6 7 |  7.4
Staves         | 1 2 4 5 7 |  7.4
Ranged Weapons | 5 6 7 8 |  8.4

Action                     |  1- 3 |  4- 6 |  7- 9 | 10-12 || total
---------------------------+-------+-------+-------+-------++-------
  Melee: Unarmed           |       |     2 |       |       ||     2
   Fire: Shortbow          |    86 |   171 |   182 |    22 ||   461
 Invoke: Call Merchant     |       |       |     1 |       ||     1
  Evoke: Wand              |       |     6 |       |       ||     6
    Use: Scroll            |     7 |    15 |     8 |     1 ||    31
         Potion            |       |     2 |     1 |     1 ||     4
 Armour: Leather armour    |     4 |    37 |    55 |    13 ||   109
         Skin              |       |    35 |       |       ||    35
  Dodge: Dodged            |    14 |    90 |    88 |    33 ||   225

Table legend: (Time is in decaauts)
 A = Elapsed time spent in this place.
 B = Non-inter-level travel time spent in this place.
 C = Inter-level travel time spent in this place.
 D = Time resting spent in this place.
 E = Time spent auto-exploring this place.
 F = Levels seen in this place.
 G = Mean time per level.
                   A        B        C        D        E       F      G
               +--------+--------+--------+--------+--------+-----+--------+
         Total |   6955 |   6441 |    514 |    200 |   5082 |  10 |  695.5 |
       Dungeon |   6488 |   5986 |    502 |     98 |   4865 |   8 |  811.0 |
        Temple |     81 |     69 |     12 |      0 |     58 |   1 |   81.0 |
       Ossuary |    384 |    384 |      0 |    102 |    159 |   1 |  384.0 |
               +--------+--------+--------+--------+--------+-----+--------+

Top non-repeatable levels by time:
     D:5: 1188 daAuts
     D:4: 999 daAuts
     D:2: 914 daAuts
     D:3: 860 daAuts
     D:1: 858 daAuts
     D:7: 845 daAuts
     D:6: 557 daAuts
 Ossuary: 384 daAuts
     D:8: 264 daAuts
  Temple: 81 daAuts

Table legend:
 A = Kills in this place as a percentage of kills in the entire game.
 B = Kills by you in this place as a percentage of kills by you in the entire game.
 C = Kills by friends in this place as a percentage of kills by friends in the entire game.
 D = Other kills in this place as a percentage of other kills in the entire game.
 E = Experience gained in this place as a percentage of experience gained in the entire game.
 F = Experience gained in this place divided by the number of levels of this place that you have seen.
                   A       B       C       D       E      F
               +-------+-------+-------+-------+-------+----------------------
         Total | 100.0 | 100.0 |   N/A |   N/A | 100.0 | 586.4
       Dungeon |  85.9 |  85.9 |   N/A |   N/A |  94.7 | 694.1
       Ossuary |  14.1 |  14.1 |   N/A |   N/A |   5.3 | 311.0
               +-------+-------+-------+-------+-------+----------------------
